 Dungeon Crawl Stone Soup version 0.26.0-10-g1f06aea511 (webtiles) character file.

Game seed: 8445431787979937875

12872 hawla the Thaumaturge (level 11, -8/127 HPs)
             Began as a Red Draconian Conjurer on Jan 13, 2021.
             Was an Elder of Vehumet.
             Mangled by Rupert
             ... wielding a +3 vampiric executioner's axe
              (10 damage)
             ... on level 11 of the Dungeon on Jan 14, 2021.
             The game lasted 00:58:49 (16318 turns).

hawla the Thaumaturge (Red Draconian Conjurer)     Turns: 16318, Time: 00:58:49

Health: -8/127     AC: 25    Str:  9    XL:     11   Next: 68%
Magic:  1/27       EV:  2    Int: 22    God:    Vehumet [****..]
Gold:   912        SH:  0    Dex: 10    Spells: 9/35 levels left

rFire    . . .     SeeInvis .   x - staff of poison
rCold    . . .     Faith    .   (no shield)
rNeg     + + +     Spirit   .   (armour unavailable)
rPois    +         Reflect  .   (helmet currently unavailable)
rElec    .         Harm     .   (cloak currently unavailable)
rCorr    .         Rampage  .   (gloves currently unavailable)
Will     +....     NoTele   +   (boots currently unavailable)
Stlth    ++........             u - amulet of regeneration
HPRegen  0.71/turn              M - +4 ring of evasion
MPRegen  0.20/turn              k - ring of willpower

@: tree-form
A: (breathe fire), unfitting armour, AC +7
a: Renounce Religion


You were on level 11 of the Dungeon.
You worshipped Vehumet.
Vehumet was greatly pleased with you.
You were a tree.
You visited 2 branches of the dungeon, and saw 13 of its levels.
You also visited: Ice Cave.

You collected 912 gold pieces.

Inventory:

Hand Weapons
 d - a +0 quarterstaff
 z - a +4 vampiric rapier
 L - a +6 dagger of electrocution
Missiles
 g - 11 javelins
 q - 22 poisoned darts
 w - 2 boomerangs of dispersal
 H - a throwing net
 I - 6 boomerangs
Armour
 A - a +2 pair of boots (melded)
Magical Staves
 x - an uncursed staff of poison (weapon)
Jewellery
 h - a +6 ring of strength
 i - an uncursed amulet of the acrobat
 k - a ring of willpower (right branch)
 p - an uncursed ring of ice
 u - an amulet of regeneration (around neck)
 J - an uncursed ring of protection from fire
 M - a +4 ring of evasion (left branch)
 N - an uncursed ring of willpower
Wands
 e - a wand of digging (7)
 l - a wand of polymorph (18)
 y - a wand of flame (60)
 D - a wand of iceblast (6)
Scrolls
 j - 3 scrolls of magic mapping
 m - a scroll of enchant weapon
 o - 2 scrolls of enchant armour
 s - a scroll of fear
 v - a scroll of blinking
 C - a scroll of fog
 E - 2 scrolls of identify
 G - a scroll of remove curse
 K - a scroll of vulnerability {unknown}
Potions
 a - 4 potions of might
 b - 7 potions of curing
 c - 3 potions of lignification
 f - 3 potions of haste
 n - a potion of flight
 r - 2 potions of cancellation
 t - 3 potions of heal wounds {unknown}
 B - a potion of invisibility {unknown}
Miscellaneous
 F - a phial of floods


   Skills:
 - Level 4.5 Fighting
 - Level 6.0 Staves
 - Level 2.0 Dodging
 - Level 2.0 Stealth
 - Level 4.0 Shields
 + Level 12.5 Spellcasting
 + Level 7.8 Conjurations
 - Level 1.0 Hexes
 - Level 5.4 Translocations
 + Level 4.2 Fire Magic


You had 9 spell levels left.
You knew the following spells:

 Your Spells              Type           Power        Failure   Level
a - Magic Dart            Conj           100%         1%          1
b - Searing Ray           Conj           96%          1%          2
c - Iskenderun's Mystic   Conj/Tloc      43%          1%          4
d - Inner Flame           Hex/Fire       25%          1%          3
e - Iskenderun's Battles  Conj           48%          1%          5
f - Starburst             Conj/Fire      20%          16%         6
g - Fireball              Conj/Fire      20%          3%          5

Your spell library contained the following spells:

 Spells                   Type           Power        Failure   Level
 Dazzling Flash           Conj/Hex       66%          1%          3
 Gell's Gravitas          Tloc           18%          1%          3
 Ignite Poison            Fire/Tmut/Pois 29%          2%          3
 Fulminant Prism          Conj/Hex       16%          2%          4
 Corona                   Hex            20%          3%          1
 Ensorcelled Hibernation  Hex/Ice        32%          6%          2
 Confusing Touch          Hex            18%          10%         3
 Tukima's Dance           Hex            18%          10%         3
 Yara's Violent Unravell  Hex/Tmut       8%           26%         5
 Petrify                  Tmut/Erth      13%          43%         4
 Metabolic Englaciation   Hex/Ice        8%           71%         5
 Ignition                 Fire           16%          100%        8


Dungeon Overview and Level Annotations

Branches:
Dungeon (12/15)            Temple (1/1) D:6            Lair (0/6) D:9
    Orc (0/2) D:10          IceCv (visited)

Altars:
Ashenzari
Cheibriados
Dithmenos
Elyvilon
Fedhas
Gozag
Hepliaklqana
Kikubaaqudgha
Makhleb
Nemelex Xobeh
Okawaru
Qazlal
Ru
Sif Muna
Trog
Uskayaw
Vehumet
Wu Jian
Xom
Yredelemnul
Zin
The Shining One

Shops:
D:8 (

Annotations:
D:3 Blork the orc
D:4 3 runed translucent doors, JustYaKnow's ghost, amateur MiMo
D:7 3 runed translucent doors, SnakkuSnakku7's ghost, novice DEAr
D:8 2 transporters, ythm's ghost, novice GrMo
D:11 Rupert
D:12 Psyche


Innate Abilities, Weirdness & Mutations

((You can breathe blasts of fire.))
((Your fiery red scales are hard. (AC +7)))
You cannot fit into any form of body armour.
((Your flesh is heat resistant. (rF+)))
((You are cold-blooded and may be slowed by cold attacks.))


Message History

Rupert hits you with a +3 vampiric executioner's axe.
* * * LOW HITPOINT WARNING * * *
Casting: Magic Dart (safe; 1% risk of failure)
Confirm with . or Enter, or press ? or * to list all spells.
Aiming: Magic Dart (safe; 1% risk of failure)
Press: ? - help, Shift-Dir - straight line, f/p - Rupert
Aim: Rupert, wielding a +3 vampiric executioner's axe and wearing a +0 chain mail (severely wounded, berserk, 0% to evade)
The magic dart hits Rupert but does no damage.
Rupert is severely wounded.
Rupert hits you with a +3 vampiric executioner's axe!!
* * * LOW HITPOINT WARNING * * *
You hit Rupert.
Rupert is severely wounded.
Rupert hits you with a +3 vampiric executioner's axe.
* * * LOW HITPOINT WARNING * * *
Unknown command.
You hit Rupert.
Rupert is severely wounded.
Rupert hits you with a +3 vampiric executioner's axe!
You die...

*,,* *,,* *,,* *,,*
*,,*****,.#####,,*******,,*
*,,,,,,,,,.....,,,,,,,,,,,,
*,,,,,,,,,....,,,,,,,,,,,,,
*,,*******#..#***,,******,,
*,,* #..# *,,* *,, #,,*
#..# *,,* *,,
#..########..# *,,# *,,
#.........♣@.# *,.# *,,
#............# *..# *,,
#..########..####..# *,,
*,,* #........# *,, *,,*
#........# *,, *,,*
#........# *,, *,,*
#........# *,, *,,*
#........# *,,
*,,***#####...))...# *,,


You could see Rupert (berserk).

Vanquished Creatures
  2 ugly things (IceCv)
  3 ice statues (IceCv)
  2 rime drakes (D:11)
  A komodo dragon (D:8)
  A troll (D:11)
  Grinder (D:3)
  A centaur simulacrum (D:10)
  2 wyverns
  5 yaks
  Eustachio (D:6)
  2 basilisks (D:9)
  2 steam dragons (D:10)
  3 water moccasins
  A hornet zombie (D:8)
  4 orc warriors
  13 ice beasts
  A black bear (D:7)
  4 sky beasts
  3 necrophages
  8 ogres
  A phantom (D:8)
  5 centaurs
  2 big kobolds
  8 bullfrogs
  A wyvern skeleton (D:9)
  4 scorpions
  8 wights
  11 killer bees
  An electric eel (D:10)
  6 howler monkeys (D:9)
  A quasit (D:8)
  3 centaur zombies
  16 orc wizards
  10 orc priests
  6 hounds
  5 jellies
  2 centaur skeletons
  6 iguanas
  7 worker ants
  A killer bee zombie (D:9)
  2 worker ant zombies
  A howler monkey zombie (D:9)
  A howler monkey skeleton (D:4)
  14 adders
  A hound simulacrum (D:10)
  2 shadow imps
  8 white imps
  A worker ant simulacrum (D:10)
  3 ufetubi
  2 adder zombies
  3 adder skeletons
  6 worms
  5 dart slugs
  7 leopard geckos
  68 orcs
  3 ball pythons
  5 giant cockroaches
  6 hobgoblins
  10 jackals
  19 kobolds
  2 quokkas
  5 bats
  5 frilled lizards
  7 goblins
  A jackal zombie (D:8)
  2 leopard gecko zombies
  A quokka skeleton (D:4)
  2 quokka zombies
  7 rats
363 creatures vanquished.

Vanquished Creatures (others)
  3 fungi (D:9)
  3 plants (D:9)
6 creatures vanquished.

Grand Total: 369 creatures vanquished

Notes
Turn   | Place    | Note
-------+----------+-------------------------------------------
     0 | D:1      | hawla the Draconian Conjurer began the quest for the Orb.
     0 | D:1      | Reached XP level 1. HP: 14/14 MP: 3/3
   159 | D:1      | Reached XP level 2. HP: 21/22 MP: 1/5
   162 | D:1      | Learned a level 2 spell: Searing Ray
   300 | D:1      | Reached skill level 1 in Fighting
  1292 | D:1      | Reached XP level 3. HP: 29/29 MP: 3/6
  1879 | D:2      | Found an ancient bone altar of Kikubaaqudgha.
  2505 | D:3      | Noticed Grinder
  2547 | D:3      | Paralysed by Grinder for 2 turns
  2554 | D:3      | Killed Grinder
  2555 | D:3      | Reached skill level 4 in Spellcasting
  2555 | D:3      | Reached XP level 4. HP: 17/40 MP: 1/10
  2555 | D:3      | Reached XP level 5. HP: 20/46 MP: 1/11
  2732 | D:3      | Learned a level 4 spell: Iskenderun's Mystic Blast
  2736 | D:3      | Reached XP level 6. HP: 52/52 MP: 7/12
  2883 | D:3      | Found a basalt altar of Yredelemnul.
  3006 | D:3      | Reached skill level 1 in Translocations
  3495 | D:3      | Found an opulent altar of Gozag.
  3762 | D:3      | Found a shimmering blue altar of Sif Muna.
  3771 | D:3      | Found a radiant altar of Vehumet.
  3901 | D:3      | Became a worshipper of Vehumet
  4274 | D:4      | Noticed Blork the orc
  4457 | D:4      | Your scales start taking on a fiery red colour.
  4457 | D:4      | Reached XP level 7. HP: 29/60 MP: 3/14
  4457 | D:4      | Gained mutation: Your flesh is heat resistant. (rF+) [Red
                  | Draconian growth]
  4890 | D:4      | Found a runed translucent gate.
  4890 | D:4      | Found a runed translucent gate.
  4890 | D:4      | Found a runed translucent gate.
  4891 | D:4      | Found an opulent altar of Gozag.
  4893 | D:4      | Noticed JustYaKnow's ghost (amateur MiMo)
  5186 | D:4      | Found an ornate altar of the Wu Jian Council.
  5234 | D:5      | Entered Level 5 of the Dungeon
  5274 | D:5      | Reached skill level 5 in Spellcasting
  5274 | D:5      | Reached skill level 5 in Conjurations
  5643 | D:5      | Found a sacrificial altar of Ru.
  5701 | D:5      | Reached XP level 8. HP: 67/67 MP: 8/16
  5761 | D:5      | Reached * piety under Vehumet
  5761 | D:5      | Offered knowledge of Shock by Vehumet.
  6465 | D:6      | Reached skill level 6 in Spellcasting
  6912 | D:6      | Reached skill level 5 in Translocations
  6991 | D:6      | Found a snail-covered altar of Cheibriados.
  7184 | D:6      | Found a broken altar of Ashenzari.
  7188 | D:6      | Saw a vision of the Shoals and the Snake Pit.
  7188 | D:6      | Noticed a wind drake
  7188 | D:6      | Noticed a black mamba
  7188 | D:6      | Noticed a naga mage
  7188 | D:6      | Noticed a sea snake
  7188 | D:6      | Noticed a shock serpent
  7188 | D:6      | Noticed a mana viper
  7188 | D:6      | Noticed a naga mage
  7188 | D:6      | Noticed a black mamba
  7188 | D:6      | Noticed a naga ritualist
  7188 | D:6      | Noticed a naga warrior
  7188 | D:6      | Noticed a sea snake
  7188 | D:6      | Noticed a merfolk siren
  7188 | D:6      | Noticed a naga sharpshooter
  7347 | D:6      | Found a glowing golden altar of the Shining One.
  7427 | D:6      | Noticed Eustachio
  7434 | D:6      | Killed Eustachio
  7540 | D:6      | Reached XP level 9. HP: 49/72 MP: 14/19
  7617 | D:6      | Found a staircase to the Ecumenical Temple.
  7654 | Temple   | Entered the Ecumenical Temple
  7884 | D:7      | Reached skill level 7 in Spellcasting
  8099 | D:7      | Reached skill level 1 in Staves
  8171 | D:7      | Reached ** piety under Vehumet
  8174 | D:7      | Offered knowledge of Sandblast by Vehumet.
  8505 | D:7      | Reached skill level 8 in Spellcasting
  8600 | D:7      | Found a white marble altar of Elyvilon.
  8660 | D:7      | Found a runed translucent gate.
  8661 | D:7      | Found a runed translucent gate.
  8662 | D:7      | Found a runed translucent gate.
  8702 | D:7      | Noticed SnakkuSnakku7's ghost (novice DEAr)
  8719 | D:7      | Offered knowledge of Static Discharge by Vehumet.
  9230 | D:8      | Found a transporter.
  9344 | D:8      | Found an iron altar of Okawaru.
  9345 | D:8      | Reached *** piety under Vehumet
  9351 | D:8      | Reached skill level 1 in Shields
  9540 | D:8      | Reached skill level 5 in Staves
  9618 | D:8      | Offered knowledge of Inner Flame by Vehumet.
  9657 | D:8      | Found Taloul's Weapon Emporium.
  9659 | D:8      | Found a transporter.
  9661 | D:8      | Noticed a moth of wrath
  9662 | D:8      | Noticed ythm's ghost (novice GrMo)
  9662 | D:8      | Identified the +5 dagger of the Valley {vorpal, Int+3}
  9678 | D:8      | Learned a level 3 spell: Inner Flame
  9760 | D:8      | Reached XP level 10. HP: 80/80 MP: 17/22
 10089 | D:8      | Found a bloodstained altar of Trog.
 10416 | D:8      | Reached skill level 9 in Spellcasting
 10416 | D:8      | Reached skill level 1 in Hexes
 10416 | D:8      | Reached skill level 1 in Fire Magic
 10681 | D:9      | Reached **** piety under Vehumet
 10794 | D:9      | Offered knowledge of Iskenderun's Battlesphere by Vehumet.
 10818 | D:8      | Reached skill level 10 in Spellcasting
 11330 | D:9      | Learned a level 5 spell: Iskenderun's Battlesphere
 11893 | D:9      | Found a staircase to the Lair.
 12039 | D:10     | Entered Level 10 of the Dungeon
 12135 | D:10     | Reached skill level 11 in Spellcasting
 12509 | D:10     | Reached XP level 11. HP: 85/85 MP: 13/26
 13098 | D:10     | Reached ***** piety under Vehumet
 13256 | D:10     | Offered knowledge of Starburst by Vehumet.
 13287 | D:10     | Found a staircase to the Orcish Mines.
 13473 | D:11     | Reached skill level 12 in Spellcasting
 13477 | D:11     | Found a frozen archway.
 13557 | IceCv    | Entered an ice cave
 13730 | IceCv    | Learned a level 6 spell: Starburst
 13747 | IceCv    | Noticed a white ugly thing
 13759 | IceCv    | Killed a white ugly thing
 14572 | IceCv    | Learned a level 5 spell: Fireball
 15195 | IceCv    | Noticed a white ugly thing
 15204 | IceCv    | Killed a white ugly thing
 15883 | D:11     | Noticed a boulder beetle
 16284 | D:12     | Noticed Rupert
 16295 | D:12     | Noticed Psyche
 16300 | D:12     | Noticed a red ugly thing
 16316 | D:11     | HP: 4/127 [Rupert/+3 vampiric executioner's axe (23)]
 16318 | D:11     | Mangled by Rupert

Illustrated notes

Levels and vault maps discovered:
D:1:      dpeg_arrival_rooms_with_view, layout_basic
D:2:      layout_loops_ring, general_overflow_altar
D:3:      layout_rooms, lemuel_crystal_altar, nicolae_overflow_hidden_temple,
          minitemple, uniq_grinder
D:4:      layout_rooms, kennysheep_little_box, ebering_ghost_gozag,
          uniq_blork_the_orc
D:5:      minmay_diamond_boxcup, layout_loops_ring,
          nicolae_overflow_crystal_walls
D:6:      layout_rooms, kennysheep_slug_shrine, nicolae_tso_swordbearing_angel,
          minmay_temple_entry_mist, grunt_ashenzari_visionary
          [grunt_ashenzari_visionary_shoals, grunt_ashenzari_visionary_snake],
          uniq_eustachio
D:7:      layout_gridville, lemuel_doored_altar, ebering_ghost_rock_garden
D:8:      layout_loops_ring, gammafunk_ghost_wrathful_warriors, serial_shops,
          shop, okawaru_ov_weapons_minmay
D:9:      layout_small_grid, minmay_lair_entry_grove
D:10:     layout_gridville, hiddenorc2_lemuel, serial_ice, serial_ice_h,
          serial_ice_d, serial_ice_b, serial_ice_m, serial_ice_l, serial_ice_c,
          hangedman_misty_isle
D:11:     layout_small_grid, portal_ice_cave_rime, kennysheep_generic_room_11
D:12:     layout_basic, uniq_psyche, uniq_azrael, uniq_rupert
Temple:   minmay_temple_bridge_abc

Skill      XL: |  1  2  3  4  5  6  7  8  9 10 11 |
---------------+----------------------------------+-----
Dodging        | 2 |  2.0
Stealth        | 2 |  2.0
Fighting       | 1 4 |  4.5
Spellcasting   | 4 5 6 8 11 12 | 12.5
Translocations | 2 3 5 |  5.4
Conjurations   | 5 7 |  7.8
Staves         | 5 6 |  6.0
Shields        | 2 4 |  4.0
Hexes          | 1 |  1.0
Fire Magic     | 1 4 |  4.2

Action                   |  1- 3 |  4- 6 |  7- 9 | 10-12 || total
-------------------------+-------+-------+-------+-------++-------
Melee: Unarmed           |     8 |       |       |       ||     8
       Dagger            |    37 |     3 |    25 |       ||    65
       Tailslap          |     3 |     1 |     6 |     1 ||    11
       Rapier            |       |       |    20 |    20 ||    40
       Staff             |       |       |       |     2 ||     2
 Cast: Magic Dart        |    43 |    47 |    62 |   107 ||   259
       Searing Ray       |    13 |    25 |    72 |   101 ||   211
       Iskenderun's Myst |       |     3 |    26 |    77 ||   106
       Inner Flame       |       |       |       |    33 ||    33
       Iskenderun's Batt |       |       |       |    24 ||    24
       Fireball          |       |       |       |    16 ||    16
       Starburst         |       |       |       |     4 ||     4
 Abil: Breathe Fire      |       |       |     3 |       ||     3
  Use: Scroll            |     7 |     3 |     8 |     6 ||    24
       Potion            |     2 |       |       |     8 ||    10
Armor: Skin              |    18 |     7 |    53 |    60 ||   138
Dodge: Dodged            |    35 |    18 |    93 |    98 ||   244
